| TOP OF THE 1ST |
|
Washington Nationals batting - Pitching for San Francisco Giants : RHP Nicolas Coppola II
|
|
Pitching: RHP Nicolas Coppola II
|
|
|
Batting: SHB Andrew Wray II
|
0-0: Ground out 6-3 (Groundball, 6, EV 85.0 MPH)
|
|
Batting: RHB C.J. Beavers
|
0-0: Ball 1-0: SINGLE (Line Drive, 89S, EV 103.8 MPH)
|
|
Batting: LHB R.J. O'Brien
|
0-0: Ball 1-0: Called Strike 1-1: Called Strike 1-2: Ball 2-2: Ball Wild Pitch! C.J. Beavers to second 3-2: Strikes out looking
|
|
Batting: RHB John Sanders
|
0-0: Ball 1-0: Swinging Strike 1-1: Called Strike 1-2: SINGLE (Line Drive, 9S, EV 100.0 MPH) C.J. Beavers to third Runner from 3rd tries for Home, SAFE, throw by RF to home
|
|
Batting: LHB Armando Carbajal
|
0-0: Ball 1-0: SINGLE (Groundball, 34D, EV 110.0 MPH) John Sanders to second Runner from 2nd tries for 3rd, SAFE, throw by RF made to third
|
|
Batting: SHB Junzo Kato
|
0-0: Called Strike 0-1: Ball 1-1: Called Strike 1-2: Foul Ball, location: 2F 1-2: Strikes out swinging
|
| Top of the 1st over - 1 run, 3 hits, 0 errors, 2 left on base; Washington 1 - San Francisco 0 |
| BOTTOM OF THE 1ST |
|
San Francisco Giants batting - Pitching for Washington Nationals : RHP Chitoji Takemoto
|
|
Pitching: RHP Chitoji Takemoto
|
|
|
Batting: RHB Nick Rigden
|
0-0: DOUBLE (Line Drive, 8RXD, EV 100.6 MPH)
|
|
Batting: SHB Ryan Doss
|
0-0: Ground out 6-3 (Groundball, 4M, EV 92.5 MPH) Nick Rigden to third
|
|
Batting: LHB Jack Henningar
|
0-0: Fly out, F8 (Flyball, 8LM, EV 96.9 MPH) Runner from 3rd tags up, SCORES, throw by CF
|
|
Batting: LHB Willis Robles
|
0-0: Swinging Strike 0-1: SINGLE (Line Drive, 8LS, EV 105.6 MPH)
|
|
Batting: RHB Sean Zielinski
|
0-0: Ball 1-0: Called Strike Willis Robles steals 2nd base 1-1: Called Strike 1-2: Fly out, F7 (Flyball, 7, EV 92.5 MPH)
|
| Bottom of the 1st over - 1 run, 2 hits, 0 errors, 1 left on base; Washington 1 - San Francisco 1 |
| TOP OF THE 2ND |
|
Washington Nationals batting - Pitching for San Francisco Giants : RHP Nicolas Coppola II
|
|
Batting: RHB Luis Torres
|
0-0: Called Strike 0-1: SINGLE (Groundball, 56S, EV 72.5 MPH) (infield hit)
|
|
Batting: LHB Yasahiko Teshima
|
0-0: Called Strike 0-1: Called Strike 0-2: Ball 1-2: Foul Ball, location: 2F 1-2: Foul Ball, location: 2F 1-2: Foul Ball, location: 2F 1-2: Ball 2-2: Strikes out swinging
|
|
Batting: RHB Mike Blair
|
0-0: Called Strike 0-1: Called Strike 0-2: Ball 1-2: Strikes out swinging
|
|
Batting: SHB Andrew Wray II
|
0-0: Ball 1-0: Fly out, F9 (Flyball, 9LM, EV 83.1 MPH)
|
| Top of the 2nd over - 0 runs, 1 hit, 0 errors, 1 left on base; Washington 1 - San Francisco 1 |
| BOTTOM OF THE 2ND |
|
San Francisco Giants batting - Pitching for Washington Nationals : RHP Chitoji Takemoto
|
|
Batting: RHB Jason May
|
0-0: Foul Ball, location: 2F 0-1: Ball 1-1: Foul Ball, location: 2F 1-2: Ball 2-2: Ball 3-2: SINGLE (Line Drive, 4D, EV 95.6 MPH)
|
|
Batting: RHB Ray Llewellyn
|
0-0: Foul Ball, location: 2F 0-1: Foul Ball, location: 2F 0-2: Ball 1-2: Ball 2-2: Foul Ball, location: 2F 2-2: Ball 3-2: Ground out 5-3 (Groundball, 56S, EV 83.8 MPH) Jason May to second
|
|
Batting: RHB Henri Cederberg
|
0-0: Called Strike 0-1: Ground out 6-3 (Groundball, 6, EV 86.9 MPH) Jason May to third
|
|
Batting: RHB Xavier Castellanos
|
0-0: Ball 1-0: Ball 2-0: Called Strike 2-1: Called Strike 2-2: Foul Ball, location: 2F 2-2: Ball 3-2: Strikes out swinging
|
| Bottom of the 2nd over - 0 runs, 1 hit, 0 errors, 1 left on base; Washington 1 - San Francisco 1 |
| TOP OF THE 3RD |
|
Washington Nationals batting - Pitching for San Francisco Giants : RHP Nicolas Coppola II
|
|
Batting: RHB C.J. Beavers
|
0-0: Foul Ball, location: 2F 0-1: Ground out 6-3 (Groundball, 56, EV 89.4 MPH)
|
|
Batting: LHB R.J. O'Brien
|
0-0: Ball 1-0: Ball 2-0: Fly out, F7 (Line Drive, 78M, EV 91.3 MPH)
|
|
Batting: RHB John Sanders
|
0-0: Ball 1-0: Swinging Strike 1-1: Ground out 5-3 (Groundball, 56, EV 85.6 MPH)
|
| Top of the 3rd over - 0 runs, 0 hits, 0 errors, 0 left on base; Washington 1 - San Francisco 1 |
| BOTTOM OF THE 3RD |
|
San Francisco Giants batting - Pitching for Washington Nationals : RHP Chitoji Takemoto
|
|
Batting: RHB Nick Rigden
|
0-0: Ball 1-0: Foul Ball, location: 2F 1-1: Ground out 5-3 (Groundball, 25, EV 63.1 MPH)
|
|
Batting: SHB Ryan Doss
|
0-0: Called Strike 0-1: Fly out, F9 (Flyball, 9, EV 88.8 MPH)
|
|
Batting: LHB Jack Henningar
|
0-0: Ball 1-0: Ball 2-0: Called Strike 2-1: Ball 3-1: Called Strike 3-2: Ground out 4-3 (Groundball, 34, EV 78.1 MPH)
|
| Bottom of the 3rd over - 0 runs, 0 hits, 0 errors, 0 left on base; Washington 1 - San Francisco 1 |
| TOP OF THE 4TH |
|
Washington Nationals batting - Pitching for San Francisco Giants : RHP Nicolas Coppola II
|
|
Batting: LHB Armando Carbajal
|
0-0: Ball 1-0: Ground out 4-3 (Groundball, 4, EV 90.6 MPH)
|
|
Batting: SHB Junzo Kato
|
0-0: Ball 1-0: Swinging Strike 1-1: Ball 2-1: Foul Ball, location: 2F 2-2: Foul Ball, location: 2F 2-2: Ball 3-2: Base on Balls
|
|
Batting: RHB Luis Torres
|
0-0: Ball 1-0: Foul Ball, location: 2F 1-1: Called Strike Junzo Kato steals 2nd base 1-2: Fly out, F9 (Line Drive, 9LD, EV 110.6 MPH)
|
|
Batting: LHB Yasahiko Teshima
|
0-0: Ball 1-0: Called Strike 1-1: Ball 2-1: Swinging Strike 2-2: Strikes out looking
|
| Top of the 4th over - 0 runs, 0 hits, 0 errors, 1 left on base; Washington 1 - San Francisco 1 |
| BOTTOM OF THE 4TH |
|
San Francisco Giants batting - Pitching for Washington Nationals : RHP Chitoji Takemoto
|
|
Batting: LHB Willis Robles
|
0-0: SINGLE (Line Drive, 7LS, EV 113.1 MPH)
|
|
Batting: RHB Sean Zielinski
|
0-0: Foul Ball, location: 2F 0-1: Ball 1-1: Called Strike Willis Robles steals 2nd base 1-2: SINGLE (Line Drive, 7LS, EV 110.0 MPH) Willis Robles to third
|
|
Batting: RHB Jason May
|
0-0: Ball 1-0: Called Strike Pickoff Throw to First - Error! E1 Willis Robles scores Sean Zielinski to second 1-1: Fly out, F8 (Flyball, 8RXD, EV 95.0 MPH) Runner from 2nd tags up, SAFE at 3rd, no throw by CF
|
|
Batting: RHB Ray Llewellyn
|
0-0: Called Strike 0-1: Ball 1-1: Fly out, F4 (Popup, 34, EV 60.0 MPH)
|
|
Batting: RHB Henri Cederberg
|
0-0: Called Strike 0-1: Foul Ball, location: 2F Balk! Sean Zielinski scores 0-2: Ball 1-2: SOLO HOME RUN (Flyball, 9LD, EV 89.4 MPH), Distance : 332 ft
|
|
Batting: RHB Xavier Castellanos
|
0-0: Ball 1-0: DOUBLE (Line Drive, 7LM, EV 107.5 MPH)
|
|
Batting: RHB Nick Rigden
|
0-0: Ball 1-0: Foul Ball, location: 2F 1-1: Swinging Strike 1-2: Strikes out looking
|
| Bottom of the 4th over - 3 runs, 4 hits, 1 error, 1 left on base; Washington 1 - San Francisco 4 |
| TOP OF THE 5TH |
|
Washington Nationals batting - Pitching for San Francisco Giants : RHP Nicolas Coppola II
|
|
Batting: RHB Mike Blair
|
0-0: Foul Ball, location: 2F 0-1: SINGLE (Groundball, 56, EV 110.6 MPH) (infield hit)
|
|
Batting: SHB Andrew Wray II
|
0-0: Called Strike 0-1: Ball 1-1: Fly out, F7 (Line Drive, 7, EV 99.4 MPH)
|
|
Batting: RHB C.J. Beavers
|
0-0: TRIPLE (Line Drive, 89XD, EV 105.0 MPH) Mike Blair scores
|
|
Batting: LHB R.J. O'Brien
|
0-0: Foul Ball, location: 2F 0-1: Ball 1-1: Fly out, F9 (Flyball, 9LS, EV 85.0 MPH) Runner from 3rd tags up, SCORES, throw by RF
|
|
Batting: RHB John Sanders
|
0-0: Ball 1-0: SINGLE (Flyball, 6D, EV 88.1 MPH)
|
|
Batting: LHB Armando Carbajal
|
0-0: Ball 1-0: SINGLE (Line Drive, 4D, EV 98.8 MPH) John Sanders to second Runner from 2nd tries for 3rd, OUT! 9-5
|
| Top of the 5th over - 2 runs, 4 hits, 0 errors, 1 left on base; Washington 3 - San Francisco 4 |
| BOTTOM OF THE 5TH |
|
San Francisco Giants batting - Pitching for Washington Nationals : RHP Chitoji Takemoto
|
|
Batting: SHB Ryan Doss
|
0-0: Called Strike 0-1: Foul Ball, location: 2F 0-2: Ball 1-2: Strikes out swinging
|
|
Batting: LHB Jack Henningar
|
0-0: Ball 1-0: Foul Ball, location: 2F 1-1: Ball 2-1: Ball 3-1: Foul Ball, location: 2F 3-2: Ground out 6-3 (Groundball, 4M, EV 103.1 MPH)
|
|
Batting: LHB Willis Robles
|
0-0: Called Strike 0-1: Ball 1-1: Fly out, F8 (Flyball, 78XD, EV 99.4 MPH)
|
| Bottom of the 5th over - 0 runs, 0 hits, 0 errors, 0 left on base; Washington 3 - San Francisco 4 |
| TOP OF THE 6TH |
|
Washington Nationals batting - Pitching for San Francisco Giants : RHP Nicolas Coppola II
|
|
Batting: SHB Junzo Kato
|
0-0: Ball 1-0: Ball 2-0: Ground out 5-3 (Groundball, 56, EV 108.8 MPH)
|
|
Batting: RHB Luis Torres
|
0-0: Ball 1-0: Foul Ball, location: 2F 1-1: Foul Ball, location: 2F 1-2: Ball 2-2: Ball 3-2: Foul Ball, location: 2F 3-2: Base on Balls
|
|
Batting: LHB Yasahiko Teshima
|
0-0: Ball 1-0: SINGLE (Groundball, 4D, EV 105.6 MPH) Luis Torres to second Runner from 2nd tries for 3rd, SAFE, throw by CF made to third
|
|
Batting: RHB Mike Blair
|
0-0: Called Strike 0-1: Ball 1-1: Ball 2-1: Ball 3-1: Called Strike 3-2: Base on Balls Yasahiko Teshima to second
|
|
Pitching: RHP Johnny Munoz
|
|
|
Batting: SHB Andrew Wray II
|
0-0: Foul Ball, location: 2F 0-1: Ball 1-1: Ball 2-1: Ball 3-1: Foul Ball, location: 2F 3-2: Strikes out looking
|
|
Batting: RHB C.J. Beavers
|
0-0: Ball 1-0: Called Strike 1-1: Ball 2-1: Foul Ball, location: 2F 2-2: Foul Ball, location: 2F 2-2: Ball 3-2: Ground out 5-3 (Groundball, 56, EV 101.3 MPH)
|
| Top of the 6th over - 0 runs, 1 hit, 0 errors, 3 left on base; Washington 3 - San Francisco 4 |
| BOTTOM OF THE 6TH |
|
San Francisco Giants batting - Pitching for Washington Nationals : RHP Chitoji Takemoto
|
|
Batting: RHB Sean Zielinski
|
0-0: Ball 1-0: Ball 2-0: Ball 3-0: Base on Balls
|
|
Batting: RHB Jason May
|
0-0: Ball 1-0: Fly out, F8 (Line Drive, 8RM, EV 94.4 MPH)
|
|
Batting: RHB Ray Llewellyn
|
0-0: Foul Ball, location: 2F 0-1: Foul Ball, location: 2F 0-2: Foul Ball, location: 2F 0-2: Ball 1-2: SINGLE (Groundball, 6S, EV 66.3 MPH) (infield hit) Sean Zielinski to second
|
|
Batting: RHB Henri Cederberg
|
0-0: Ball 1-0: Called Strike Sean Zielinski steals 3rd base 1-1: Foul Ball, location: 2F 1-2: Ball 2-2: Fielders Choice at 2nd, 1-4 (Groundball, P, EV 65.0 MPH)
|
|
Batting: RHB Xavier Castellanos
|
0-0: SINGLE (Line Drive, 8RS, EV 93.1 MPH) Sean Zielinski scores Henri Cederberg to second Runner from 2nd tries for 3rd, OUT! 8-5
|
| Bottom of the 6th over - 1 run, 2 hits, 0 errors, 1 left on base; Washington 3 - San Francisco 5 |
| TOP OF THE 7TH |
|
Washington Nationals batting - Pitching for San Francisco Giants : RHP Johnny Munoz
|
|
Batting: LHB R.J. O'Brien
|
0-0: Ball 1-0: Called Strike 1-1: Fly out, F6 (Flyball, 6D, EV 74.4 MPH)
|
|
Batting: RHB John Sanders
|
0-0: Foul Ball, location: 2F 0-1: Ball 1-1: Fly out, F8 (Flyball, 8RD, EV 98.1 MPH)
|
|
Batting: LHB Armando Carbajal
|
0-0: Foul Ball, location: 2F 0-1: Swinging Strike 0-2: Strikes out swinging
|
| Top of the 7th over - 0 runs, 0 hits, 0 errors, 0 left on base; Washington 3 - San Francisco 5 |
| BOTTOM OF THE 7TH |
|
San Francisco Giants batting - Pitching for Washington Nationals : RHP Chitoji Takemoto
|
|
Pitching: RHP Chris Painter
|
|
|
Batting: RHB Nick Rigden
|
0-0: Ball 1-0: Ball 2-0: Fly out, F8 (Flyball, 8LD, EV 100.6 MPH)
|
|
Batting: SHB Ryan Doss
|
0-0: SINGLE (Line Drive, 34D, EV 98.8 MPH)
|
|
Batting: LHB Jack Henningar
|
0-0: Called Strike Ryan Doss steals 2nd base 0-1: Ball 1-1: Ball 2-1: Foul Ball, location: 2F 2-2: Foul Ball, location: 2F 2-2: Ground out 4-3 (Groundball, 4, EV 82.5 MPH) Ryan Doss to third
|
|
Batting: LHB Willis Robles
|
0-0: Intentional Walk
|
|
Batting: RHB Sean Zielinski
|
0-0: Called Strike 0-1: Swinging Strike 0-2: Strikes out swinging
|
| Bottom of the 7th over - 0 runs, 1 hit, 0 errors, 2 left on base; Washington 3 - San Francisco 5 |
| TOP OF THE 8TH |
|
Washington Nationals batting - Pitching for San Francisco Giants : RHP Johnny Munoz
|
|
Pitching: RHP Micah Teller
|
|
|
Batting: SHB Junzo Kato
|
0-0: Ball 1-0: Foul Ball, location: 2F 1-1: Ground out U3 (Groundball, 3L, EV 101.3 MPH)
|
|
Batting: RHB Luis Torres
|
0-0: Ball 1-0: Ball 2-0: Foul Ball, location: 2F 2-1: Foul Ball, location: 2F 2-2: Ball 3-2: Strikes out looking
|
|
Batting: LHB Yasahiko Teshima
|
0-0: Called Strike 0-1: Swinging Strike 0-2: Foul Ball, location: 2F 0-2: Ball 1-2: Ball 2-2: Foul Ball, location: 2F 2-2: Strikes out swinging
|
| Top of the 8th over - 0 runs, 0 hits, 0 errors, 0 left on base; Washington 3 - San Francisco 5 |
| BOTTOM OF THE 8TH |
|
San Francisco Giants batting - Pitching for Washington Nationals : RHP Chris Painter
|
|
Batting: RHB Jason May
|
0-0: Swinging Strike 0-1: Ball 1-1: Called Strike 1-2: Ball 2-2: Ball 3-2: Foul Ball, location: 2F 3-2: Strikes out swinging
|
|
Batting: RHB Ray Llewellyn
|
0-0: Ball 1-0: Called Strike 1-1: Called Strike 1-2: Strikes out swinging
|
|
Batting: RHB Henri Cederberg
|
0-0: Swinging Strike 0-1: Swinging Strike 0-2: Ball 1-2: Foul Ball, location: 2F 1-2: Ground out 6-3 (Groundball, 6, EV 108.8 MPH)
|
| Bottom of the 8th over - 0 runs, 0 hits, 0 errors, 0 left on base; Washington 3 - San Francisco 5 |
| TOP OF THE 9TH |
|
Washington Nationals batting - Pitching for San Francisco Giants : RHP Micah Teller
|
|
Pitching: RHP Borisz Barciniak
|
|
|
Batting: RHB Mike Blair
|
0-0: Ground out 6-3 (Groundball, 6, EV 81.3 MPH)
|
|
Batting: SHB Andrew Wray II
|
0-0: Ball 1-0: Ball 2-0: Ball 3-0: Base on Balls
|
|
Batting: RHB C.J. Beavers
|
0-0: SINGLE (Line Drive, 7LS, EV 94.4 MPH) Andrew Wray II to second
|
|
Batting: LHB R.J. O'Brien
|
0-0: Called Strike 0-1: Grounds into double play, 4-6-3 (Groundball, 4, EV 105.0 MPH)
|
| Top of the 9th over - 0 runs, 1 hit, 0 errors, 1 left on base; Washington 3 - San Francisco 5 |
|